 Dungeon Crawl Stone Soup version 0.24-a0-779-g36f0aeb843 (webtiles) character file.

Game seed: 9465267083155002392, levelgen mode: deterministic

61844 Arixos the Covert (level 14, 0/84 HPs)
             Began as a Vampire Enchanter on Oct 8, 2019.
             Was the Champion of Dithmenos.
             Slain by a stone giant (23 damage)
             ... on level 1 of the Orcish Mines.
             The game lasted 02:53:49 (26847 turns).

Arixos the Covert (Vampire Enchanter)              Turns: 26847, Time: 02:53:50

Health: 0/84       AC: 11    Str:  7    XL:     14   Next: 62%
Magic:  0/26       EV: 23    Int: 19    God:    Dithmenos [******]
Gold:   2184       SH:  0    Dex: 14    Spells: 11/29 levels left

rFire    + + +     SeeInvis +   G - +1 dagger (elec)
rCold    + + +     Gourm    .   (no shield)
rNeg     + + +     Faith    .   D - +1 robe {Archmagi}
rPois    ∞         Spirit   +   L - +2 helmet
rElec    .         Reflect  .   y - +1 cloak {rC+}
rCorr    .         Harm     .   M - +0 pair of gloves
MR       +....                  b - +1 pair of boots
Stlth    ++++++++++             e - amulet of guardian spirit
HPRegen  0.00/turn              m - ring "Fasexy" {rF+++ rC+ rN+ EV+5 Dex-4}
MPRegen  0.20/turn              E - ring of wizardry

@: about to teleport, bloodless, regenerating quickly, wreathed by umbra,
studying Ice Magic
A: no food, fangs 3, see invisible, unbreathing
a: Bat Form, Revivify, Shadow Step, Shadow Form, Renounce Religion


You were on level 1 of the Orcish Mines.
You worshipped Dithmenos.
Dithmenos was exalted by your worship.
You were bloodless.

You visited 4 branches of the dungeon, and saw 17 of its levels.
You also visited: Sewer and Ice Cave.

You collected 2184 gold pieces.

Inventory:

Hand Weapons
 r - a +2 short sword of venom
 F - a +0 rapier
 G - a +1 dagger of electrocution (weapon)
Armour
 b - a +1 pair of boots (worn)
 y - a +1 cloak of cold resistance (worn)
 B - a +0 cloak
 D - a +1 robe of the Archmagi (worn)
 L - a +2 helmet (worn)
 M - a +0 pair of gloves (worn)
 R - +0 steam dragon scales
Jewellery
 e - an amulet of guardian spirit (around neck)
 m - the ring "Fasexy" (left hand) {rF+++ rC+ rN+ EV+5 Dex-4}
   (You acquired it on level 8 of the Dungeon)

   [ring of evasion]

   It affects your evasion (+5).
   It affects your dexterity (-4).
   It renders you almost immune to fire.
   It protects you from cold.
   It protects you from negative energy.
 E - a ring of wizardry (right hand)
Wands
 n - a wand of polymorph (8)
 u - a wand of iceblast (45)
 v - a wand of disintegration (20)
 A - a wand of random effects (3)
 H - a wand of enslavement (8)
 K - a wand of paralysis (7)
 N - a wand of digging (17)
 O - a wand of flame (24)
 S - a wand of acid (16)
Scrolls
 c - 4 scrolls of enchant weapon
 h - a scroll of enchant armour {unknown}
 p - 5 scrolls of amnesia
 s - 5 scrolls of teleportation
 w - 4 scrolls of fog
 I - 5 scrolls of remove curse
 P - a scroll of holy word
 Q - 7 scrolls of identify
Potions
 a - 3 potions of brilliance
 d - 5 potions of might
 f - a potion of berserk rage {unknown}
 i - 2 potions of mutation {unknown}
 l - 2 potions of degeneration {unknown}
 o - a potion of invisibility {unknown}
 q - 5 potions of curing
 t - 3 potions of flight {unknown}
 x - 2 potions of haste {unknown}
 z - 3 potions of ambrosia
 C - a potion of resistance {unknown}
 J - 4 potions of agility {unknown}
Books
 g - a manual of Ice Magic
 j - a manual of Ice Magic
Miscellaneous
 T - a phial of floods


   Skills:
 + Level 8.0 Fighting
 + Level 9.7 Short Blades
 + Level 10.0 Dodging
 - Level 13.0 Stealth
 + Level 8.4 Spellcasting
 + Level 5.4 Conjurations
 + Level 13.0 Hexes
 - Level 4.0 Translocations
 + Level 5.9 Transmutations
 - Level 4.2 Ice Magic
 - Level 4.0 Air Magic
 + Level 5.6 Earth Magic
 - Level 4.0 Poison Magic
 + Level 6.3 Evocations


You had 11 spell levels left.
You knew the following spells:

 Your Spells              Type           Power        Failure   Level  Hunger
a - Ensorcelled Hibernat  Hex/Ice        ######       1%          2    N/A
c - Confuse               Hex            ######..     1%          3    N/A
d - Tukima's Dance        Hex            ######..     1%          3    N/A
e - Blink                 Tloc           N/A          1%          2    N/A
f - Mephitic Cloud        Conj/Pois/Air  #####...     1%          3    N/A
p - Petrify               Tmut/Erth      #####...     3%          4    N/A
t - Confusing Touch       Hex            ######       1%          1    N/A

Your spell library contained the following spells:

 Spells                   Type           Power        Failure   Level  Hunger
 Apportation              Tloc           ####..       1%          1    N/A
 Corona                   Hex            ######.      1%          1    N/A
 Magic Dart               Conj           ####         1%          1    N/A
 Sandblast                Erth           #####.       1%          1    N/A
 Passwall                 Tmut/Erth      #####...     1%          2    N/A
 Poisonous Vapours        Pois/Air       ####..       1%          2    N/A
 Slow                     Hex            ######..     1%          2    N/A
 Dazzling Spray           Conj/Hex       ######       1%          3    N/A
 Stone Arrow              Conj/Erth      #####.       1%          3    N/A
 Cause Fear               Hex            ######....   1%          4    N/A
 Yara's Violent Unravell  Hex/Tmut       ######....   1%          5    N/A
 Animate Skeleton         Necr           N/A          3%          1    N/A
 Pain                     Necr           ##..         3%          1    N/A
 Summon Small Mammal      Summ           ##..         3%          1    N/A
 Conjure Flame            Conj/Fire      ####....     3%          3    N/A
 Silence                  Hex/Air        ######....   3%          5    N/A
 Call Imp                 Summ           ##......     5%          2    N/A
 Lee's Rapid Deconstruct  Erth           #####.....   10%         5    N/A
 Summon Ice Beast         Ice/Summ       ###.....     16%         4    N/A
 Freezing Cloud           Conj/Ice/Air   #####.....   61%         6    N/A
 Discord                  Hex            ######....   69%         8    N/A
 Deflect Missiles         Chrm/Air       ###.......   90%         6    N/A
 Ring of Flames           Chrm/Fire      ##........   100%        7    N/A

Dungeon Overview and Level Annotations

Branches:
Dungeon (9/15)             Temple (1/1) D:6            Lair (6/6) D:9
  Swamp (0/4) Lair:2        Snake (0/4) Lair:3        Slime (0/5) Lair:6
    Orc (1/2) D:9           Sewer (visited)           IceCv (visited)

Altars:
Ashenzari
Cheibriados
Dithmenos
Elyvilon
Fedhas
Gozag
Hepliaklqana
Kikubaaqudgha
Makhleb
Nemelex Xobeh
Okawaru
Qazlal
Ru
Sif Muna
Trog
Uskayaw
Vehumet
Wu Jian
Xom
Yredelemnul
Zin
The Shining One
Jiyva

Annotations:
D:9 2 transporters, Cen Etye's ghost, novice GnWn
Lair:3 exclusion: 2 oklob plants
Lair:5 exclusion: oklob plant


Innate Abilities, Weirdness & Mutations

You do not eat.
You do not regenerate when monsters are visible.
You are frail without blood (-20% HP).
You are immune to poison.
You have razor-sharp teeth.
You have supernaturally acute eyesight. (SInv)
You can survive without breathing.


Message History

The stone giant throws a large rock.
The large rock hits you!!!
Ouch! That really hurt!
* * * LOW HITPOINT WARNING * * *
You emit a cloud of dark smoke.
As you read the scroll of teleportation, it crumbles to dust.
You feel strangely unstable.
The orc wizard hits the stone giant but does no damage.
The stone giant writhes in agony.
The orc wizard hits itself with a +1 whip of pain.
The orc hits the orc wizard with a +3 great mace of holy wrath.
The stone giant shouts!
Okay, then.
Evoke which item? (* to show all) (? for menu, Esc to quit)
Aiming: Paralyse
Press: ? - help, Shift-Dir - straight line, f/p - orc
Aim: an orc, wielding a +3 great mace of holy wrath (confused, umbra, chance to defeat MR: 80%)
The stone giant resists with almost no effort.
The stone giant is engulfed in noxious fumes.
The stone giant hits you!!
You die...

*,,* #..#...................
*,,* ######.................
***+*#*****##############.###
*,,,,..,,,,******####*#######
*,,,,...,,,*,,,,,#..,,.......
*,,,,....,,+,,,,,#.#**#######
**,,,.....,***####'#####.....
*,,,,....oo####........#.....
*,,,,....)oC@§§........'.....
*>,,,......####.((((...#.....
*****#####** ###############


You could see a stone giant, an orc wizard (confused) and 2 orcs.

Vanquished Creatures
  Nessos (Lair:6)
  2 ettins (Orc:1)
  An ogre mage (Orc:1)
  A hydra (Lair:6)
  2 two-headed ogres (Orc:1)
  3 catoblepae
  11 death yaks
  An orc high priest (Orc:1)
  Pikel (D:6)
  A necromancer (IceCv)
  The ghost of Kohma the Blocker, a novice FoFi (D:5)
  An orc sorcerer (Orc:1)
  3 manticores
  14 cyclopes (Orc:1)
  An elephant (Lair:3)
  Maurice (Orc:1)
  2 black mambas
  An ice statue (IceCv)
  11 spiny frogs
  A torpor snail (Lair:2)
  6 rime drakes
  10 freezing wraiths (IceCv)
  7 komodo dragons
  2 trolls (Orc:1)
  4 polar bears (Lair:4)
  A bog body (Lair:2)
  Grinder (Sewer)
  7 blink frogs
  5 dream sheep (Lair:6)
  5 hippogriffs
  A human (D:7)
  69 yaks
  2 wyverns
  4 hogs (D:7)
  2 death yak simulacra (IceCv)
  12 steam dragons
  4 hungry ghosts
  Edmund (D:5)
  9 wargs
  An acid dragon (Lair:3)
  4 nagas (Lair:3)
  13 water moccasins
  12 orc warriors
  7 porcupines
  4 black bears
  16 ice beasts
  A slave (D:6)
  An alligator simulacrum (IceCv)
  An eye of draining (D:9)
  8 ogres
  3 phantoms
  10 wolves
  A necrophage (Sewer)
  5 centaurs
  7 crocodiles
  9 bullfrogs
  A scorpion (D:9)
  10 killer bees
  A troll zombie (D:9)
  A water moccasin skeleton (D:5)
  6 wights
  11 crimson imps
  A howler monkey (D:4)
  4 draconian simulacra (IceCv)
  2 bullfrog skeletons
  12 orc priests
  4 hounds
  4 jellies
  7 orc wizards
  5 worker ants
  Ijyb (D:3)
  2 troll simulacra (IceCv)
  A wolf simulacrum (IceCv)
  3 spriggan simulacra (IceCv)
  3 big kobold zombies (Sewer)
  5 ogre zombies (D:9)
  4 centaur simulacra (IceCv)
  A hound skeleton (D:4)
  4 hound zombies
  6 adders
  3 naga simulacra (IceCv)
  4 ogre simulacra (IceCv)
  7 shadow imps
  12 white imps (IceCv)
  An ufetubus (Sewer)
  2 oozes
  An adder skeleton (D:4)
  An adder zombie (Sewer)
  6 worms
  A dart slug (D:3)
  A leopard gecko (D:2)
  55 orcs
  6 giant cockroaches
  7 hobgoblins
  9 jackals
  5 quokkas
  A ball python (Sewer)
  13 bats
  4 frilled lizards
  7 goblins
  2 goblin skeletons (D:9)
  2 goblin zombies (D:9)
  2 hobgoblin zombies (D:9)
  A jackal zombie (D:7)
  21 kobolds
  A kobold zombie (Sewer)
  A leopard gecko skeleton (D:8)
  An orc skeleton (D:9)
  12 orc zombies (D:9)
  A quokka skeleton (D:5)
  3 rats
  A fungus (Lair:5)
608 creatures vanquished.

Vanquished Creatures (collateral kills)
  A wight (D:7)
1 creature vanquished.

Vanquished Creatures (others)
  An orc warrior (Orc:1)
  6 fungi
  10 plants
17 creatures vanquished.

Grand Total: 626 creatures vanquished

Notes
Turn   | Place    | Note
-------+----------+-------------------------------------------
     0 | D:1      | Arixos the Vampire Enchanter began the quest for the Orb.
     0 | D:1      | Reached XP level 1. HP: 13/13 MP: 3/3
   110 | D:1      | Reached XP level 2. HP: 16/16 MP: 5/5
   114 | D:1      | Learned a level 2 spell: Ensorcelled Hibernation
   632 | D:2      | Reached XP level 3. HP: 20/20 MP: 3/6
  1060 | D:3      | Reached skill level 1 in Fighting
  1090 | D:3      | You fall into a shaft and drop 1 floor!
  1115 | D:4      | Reached skill level 5 in Stealth
  1115 | D:4      | Reached skill level 5 in Hexes
  1115 | D:4      | Reached XP level 4. HP: 23/25 MP: 4/7
  1339 | D:4      | Learned a level 3 spell: Confuse
  1347 | D:4      | Found a shimmering altar of Xom.
  1384 | D:4      | Noticed a black bear
  1392 | D:4      | Killed a black bear
  1392 | D:4      | Reached XP level 5. HP: 29/29 MP: 7/9
  1451 | D:4      | Learned a level 3 spell: Tukima's Dance
  1476 | D:3      | Reached skill level 1 in Ice Magic
  1502 | D:3      | Found a glowing drain.
  1595 | Sewer    | Entered a sewer
  2061 | Sewer    | Reached XP level 6. HP: 12/35 MP: 1/10
  2577 | Sewer    | Found an ancient bone altar of Kikubaaqudgha.
  3098 | Sewer    | Noticed Grinder
  3115 | Sewer    | Killed Grinder
  3115 | Sewer    | Reached skill level 1 in Evocations
  3115 | Sewer    | Reached XP level 7. HP: 22/40 MP: 5/11
  3978 | D:3      | Noticed Ijyb
  3987 | D:3      | Killed Ijyb
  4075 | D:3      | Found a snail-covered altar of Cheibriados.
  4362 | D:3      | Found a blossoming altar of Fedhas.
  4999 | D:4      | Found an opulent altar of Gozag.
  5015 | D:4      | Reached XP level 8. HP: 45/45 MP: 13/13
  5707 | D:5      | Entered Level 5 of the Dungeon
  5860 | D:5      | Found a runed translucent door.
  5870 | D:5      | Noticed Edmund
  6435 | D:5      | Killed Edmund
  6550 | D:5      | Noticed Kohma's ghost (novice FoFi)
  6897 | D:6      | Found a staircase to the Ecumenical Temple.
  7020 | D:6      | Reached skill level 5 in Dodging
  7020 | D:6      | Reached XP level 9. HP: 51/51 MP: 6/15
  7241 | Temple   | Entered the Ecumenical Temple
  7453 | D:6      | Found a shadowy altar of Dithmenos.
  7456 | D:6      | Became a worshipper of Dithmenos the Shadowed
  7812 | D:6      | Noticed Pikel
  7850 | D:6      | Killed Pikel
  7850 | D:6      | Reached skill level 5 in Short Blades
  8312 | D:7      | Learned a level 2 spell: Blink
  8316 | D:7      | Learned a level 3 spell: Mephitic Cloud
  8881 | D:7      | Reached * piety under Dithmenos
  8997 | D:7      | Reached skill level 5 in Spellcasting
  9255 | D:7      | Reached XP level 10. HP: 53/58 MP: 4/17
  9417 | D:7      | Found a transporter.
  9424 | D:7      | Found a transporter.
  9425 | D:7      | Noticed a manticore
  9440 | D:7      | Found a shattered altar of Ashenzari.
  9475 | D:7      | Reached skill level 1 in Translocations
  9475 | D:7      | Reached skill level 1 in Air Magic
  9481 | D:7      | Reached skill level 1 in Poison Magic
  9483 | D:7      | Reached skill level 1 in Conjurations
  9987 | D:8      | Identified 3 scrolls of acquirement
  9999 | D:8      | Got a scorched glass ring
 10000 | D:8      | Identified the ring "Fasexy" {rF+++ rC+ rN+ EV+5 Dex-4}
                  | (You acquired it on level 8 of the Dungeon)
 10354 | D:9      | Found a transporter.
 10357 | D:9      | Noticed a two-headed ogre
 10359 | D:9      | Noticed Cen Etye's ghost (novice GnWn)
 10399 | D:9      | Reached ** piety under Dithmenos
 10729 | D:9      | Reached skill level 10 in Stealth
 10927 | D:9      | Found a staircase to the Orcish Mines.
 11220 | D:9      | Found a staircase to the Lair.
 11260 | D:9      | Reached *** piety under Dithmenos
 11286 | D:8      | Reached skill level 5 in Fighting
 11454 | D:9      | Found a transporter.
 11975 | D:9      | Found an ancient bone altar of Kikubaaqudgha.
 12249 | Lair:1   | Entered Level 1 of the Lair of Beasts
 12332 | Lair:1   | Reached XP level 11. HP: 63/63 MP: 16/19
 12458 | Lair:1   | You fall into a shaft and drop 1 floor!
 13029 | Lair:1   | Learned a level 4 spell: Petrify
 13061 | Lair:1   | Reached skill level 10 in Hexes
 13363 | Lair:1   | Reached skill level 1 in Earth Magic
 13363 | Lair:1   | Reached skill level 5 in Evocations
 13854 | Lair:2   | Reached skill level 1 in Transmutations
 13906 | Lair:2   | Reached **** piety under Dithmenos
 14101 | Lair:2   | Found a staircase to the Swamp.
 14980 | Lair:3   | Reached XP level 12. HP: 69/69 MP: 12/21
 15601 | Lair:3   | Reached ***** piety under Dithmenos
 15679 | Lair:3   | Found a staircase to the Snake Pit.
 17322 | Lair:5   | Noticed a death yak
 17325 | Lair:5   | Noticed a death yak
 17334 | Lair:5   | Noticed a death yak
 17821 | Lair:5   | Killed a death yak
 17821 | Lair:5   | Reached XP level 13. HP: 52/75 MP: 16/23
 18717 | Lair:6   | Entered Level 6 of the Lair of Beasts
 19015 | Lair:6   | Noticed Nessos
 19039 | Lair:6   | Killed Nessos
 19364 | Lair:5   | Learned a level 1 spell: Confusing Touch
 19496 | Lair:6   | Found a staircase to the Slime Pits.
 19496 | Lair:6   | Found a viscous altar of Jiyva.
 23597 | Lair:6   | Identified the Collected Works on Doomed Creation
 23911 | D:5      | Killed Kohma's ghost
 24241 | Orc:1    | Entered Level 1 of the Orcish Mines
 24354 | Orc:1    | Reached XP level 14. HP: 82/82 MP: 21/26
 24664 | Orc:1    | Found a frozen archway.
 24686 | Orc:1    | Reached skill level 5 in Transmutations
 24720 | IceCv    | Entered an ice cave
 24899 | IceCv    | Reached ****** piety under Dithmenos
 24907 | IceCv    | Reached skill level 5 in Conjurations
 25056 | IceCv    | Reached skill level 5 in Earth Magic
 25084 | IceCv    | Found an ancient bone altar of Kikubaaqudgha.
 26154 | Orc:1    | Identified the +6 glaive of Wetuap {venom, Int+3}
 26160 | Orc:1    | Identified the +8 battleaxe of Guilt {venom, rPois Dex+5}
 26675 | Orc:1    | Noticed Maurice
 26678 | Orc:1    | Killed Maurice
 26731 | Orc:1    | Reached skill level 10 in Dodging
 26808 | Orc:1    | Identified the +11 long sword "Meshraun" {pain, rPois}
 26810 | Orc:1    | Noticed a stone giant
 26847 | Orc:1    | Slain by a stone giant

Levels and vault maps discovered:
D:1:      wander_arrival_desolate, layout_rooms
D:2:      layout_basic
D:3:      minmay_general_purpose_star, layout_basic, kennysheep_slug_shrine,
          fedhas_altar_1, first_ration, cheibrodos_sewer_entry_bend, uniq_ijyb
D:4:      layout_loops_ring, overflow_temple_1_default,
          hangedman_feature_mirror, grunt_ministairs_1, grunt_gozag_statues
D:5:      layout_basic, ebering_ghost_reflecting_pool, lemuel_flamethrower_2,
          uniq_edmund
D:6:      layout_gridville, kennysheep_mini, minmay_temple_entry_sparse_star,
          uniq_grinder, uniq_pikel
D:7:      layout_cave_pools, gammafunk_temple_overflow_arena, grunt_livestock,
          chequers_serial_rivers_micro_a, grunt_ministairs_1
D:8:      layout_basic, hex_large
D:9:      layout_loops_ring, lemuel_coloured_pillars_altar,
          erik_lair_orcish_takeover, zombieorc1_lemuel, gammafunk_ghost_arena
Temple:   kb_temple_of_zot
Lair:1:   layout_small_grid, patterned_corridor, grunt_megastairs_5
Lair:2:   layout_layer_cave, skrybe_swamp_entry_bodies, grunt_megastairs_3
Lair:3:   layout_misc_corridors, guppyfry_snake_entry_island,
          bobbens_dragon_lair_wall, minmay_lair_oklob_chamber, lemuel_fruit_tree
Lair:4:   layout_small_grid, st_stairs_5, cheibrodos_lair_lostbears
Lair:5:   layout_concentric_octagons, minmay_lair_oklob_items,
          beast_lair_carwin_6, wad_woods_river_01
Lair:6:   evilmike_catoblepas_cave, layout_regular_city, slime_altar_1,
          uniq_nessos
Orc:1:    giant_chief_lemuel, layout_diamond_mine,
          portal_ice_cave_entry_ice_beasts, special_room [special_room_orc],
          serial_shops, uniq_maurice

Skill      XL: |  1  2  3  4  5  6  7  8  9 10 11 12 13 14 |
---------------+-------------------------------------------+-----
Fighting       | 1 2 3 4 5 6 7 8 |  8.0
Short Blades   | 2 3 4 5 6 7 8 9 |  9.7
Stealth        | 5 6 7 8 9 10 11 12 13 | 13.0
Hexes          | 5 6 7 8 9 10 11 12 13 | 13.0
Dodging        | 3 4 5 6 7 8 9 10 | 10.0
Ice Magic      | 1 2 3 4 |  4.2
Spellcasting   | 3 4 5 6 7 8 |  8.4
Evocations     | 1 2 3 4 5 6 |  6.3
Translocations | 2 3 4 |  4.0
Air Magic      | 2 3 4 |  4.0
Poison Magic   | 2 3 4 |  4.0
Conjurations   | 2 3 4 5 |  5.4
Earth Magic    | 2 4 5 |  5.6
Transmutations | 2 4 5 |  5.9

Action                   |  1- 3 |  4- 6 |  7- 9 | 10-12 | 13-15 || total
-------------------------+-------+-------+-------+-------+-------++-------
Melee: Dagger            |    48 |    48 |    18 |   586 |   596 ||  1296
       Bite              |     2 |    18 |    26 |    41 |    47 ||   134
       Short sword       |       |    99 |   333 |       |       ||   432
 Cast: Ensorcelled Hiber |     6 |     8 |    31 |    92 |    66 ||   203
       Confuse           |       |    25 |    69 |    82 |   141 ||   317
       Tukima's Dance    |       |       |     2 |       |       ||     2
       Mephitic Cloud    |       |       |       |    15 |    36 ||    51
       Blink             |       |       |       |     3 |    12 ||    15
       Confusing Touch   |       |       |       |       |    27 ||    27
 Abil: Exsanguinate      |     1 |       |       |       |       ||     1
       End Transformatio |       |       |     1 |       |     1 ||     2
       Bat Form          |       |       |     1 |       |     1 ||     2
Evoke: Phial of floods   |       |       |       |     1 |       ||     1
       Wand              |       |       |       |       |    11 ||    11
  Use: Scroll            |     3 |       |       |    19 |     9 ||    31
       Potion            |       |       |       |       |    21 ||    21
 Stab: Sleeping          |    25 |    12 |    44 |   109 |    70 ||   260
       Confused          |       |     7 |    31 |    56 |    86 ||   180
       Distracted        |       |     1 |     1 |       |     3 ||     5
Armor: Robe              |    10 |    15 |    47 |    45 |    57 ||   174
Dodge: Dodged            |    28 |    85 |   195 |   362 |   348 ||  1018

Table legend:
 A = Non-vault XP
 B = Vault XP
 C = Vault XP percentage of total XP
 D = Non-vault monster count
 E = Vault monster count
 F = Vault count percentage of total count
                 A         B        C        D         E       F
            +---------+---------+-------+---------+---------+-------
      Total |   38548 |   49801 |  56.4 |     348 |     260 |  42.8
            +---------+---------+-------+---------+---------+-------
        D:1 |      22 |       0 |   0.0 |      16 |       0 |   0.0
        D:2 |      33 |       0 |   0.0 |      12 |       0 |   0.0
        D:3 |      90 |     109 |  54.8 |      29 |      10 |  25.6
        D:4 |     498 |     134 |  21.2 |      20 |       2 |   9.1
        D:5 |     963 |     727 |  43.0 |      20 |       2 |   9.1
        D:6 |     855 |     812 |  48.7 |      24 |       3 |  11.1
        D:7 |    1374 |    1511 |  52.4 |      29 |      12 |  29.3
        D:8 |     581 |     166 |  22.2 |      10 |       1 |   9.1
        D:9 |    1663 |    1219 |  42.3 |      26 |      36 |  58.1
     Lair:1 |    3195 |     499 |  13.5 |      16 |       2 |  11.1
     Lair:2 |    5707 |    1304 |  18.6 |      24 |       7 |  22.6
     Lair:3 |    4987 |    4510 |  47.5 |      28 |      20 |  41.7
     Lair:4 |    2206 |    2036 |  48.0 |      12 |       6 |  33.3
     Lair:5 |    3045 |    7658 |  71.6 |      11 |      16 |  59.3
     Lair:6 |    9197 |    8482 |  48.0 |      39 |      19 |  32.8
      Orc:1 |    4132 |   13830 |  77.0 |      32 |      36 |  52.9
      Sewer |       0 |     676 | 100.0 |       0 |      34 | 100.0
      IceCv |       0 |    6128 | 100.0 |       0 |      54 | 100.0
            +---------+---------+-------+---------+---------+-------
